Map: Ciudad Esmeralda EE

Players

KingOfOmnoms

  • Race: Terran Terran
  • League: Silver
  • Spawn Location: 5:00

Dabbs

  • Race: Zerg Zerg
  • Spawn Location: 5:00

TATORREA - Winner!

  • Race: Protoss Protoss
  • League: Gold
  • Spawn Location: 11:00

MrFercho - Winner!

  • Race: Zerg Zerg
  • League: Silver
  • Spawn Location: 11:00

VOD

Have the link to the VOD?

Description

Time

  • Played on: July 9, 2020, 10:13 p.m.
  • Length: 19:06
Show
View Real Time Build Order
Export as new Build Order

KingOfOmnoms Terran 

Build Orders:  

Get SALT Encoding   

  12  0:01  SCV  
  13  0:13  SCV  
  14  0:17  Supply Depot  
  14  0:25  SCV  
  15  0:39  SCV  
  16  0:43  Barracks  
  16  0:51  SCV  
  17  1:05  SCV  
  17  1:08  Refinery  
  18  1:17  SCV  
  19  1:30  Marine  
  20  1:37  Barracks  
  20  2:11  Orbital Command  
  20  2:17  Engineering Bay  
  20  2:20  Supply Depot  
  20  2:25  Supply Depot  
  20  2:44  Supply Depot  
  20  2:49  Barracks Reactor  
  20  2:50  Barracks Reactor  
  20  2:55  Command Center  
  20  2:59  SCV  
  20  3:05  Refinery  
  21  3:11  SCV  
  22  3:23  SCV  
  23  3:27  Command Center  
  23  3:35  SCV  
  23  3:36  Marine x2  
  23  3:37  Marine x2  
  28  3:45  Factory  
  28  3:58  Marine  
  28  3:59  Marine x3  
  32  4:07  SCV  
  33  4:19  SCV  
  34  4:29  Factory Tech Lab  
  34  4:31  SCV  
  35  4:39  SCV  
  35  4:43  SCV x2  
  38  4:51  SCV  
  39  4:55  SCV  
  39  4:56  SCV  
  41  5:02  Siege Tank  
  41  5:03  SCV  
  46  5:07  SCV  
  46  5:08  SCV  
  47  5:15  SCV  
  47  5:18  Starport  
  47  5:19  SCV  
  47  5:20  SCV  
  50  5:22  Factory  
  50  5:28  SCV  
  51  5:31  SCV  
  51  5:32  Missile Turret, SCV  
  53  5:40  SCV  
  54  5:43  SCV  
  54  5:44  SCV  
  56  5:52  SCV  
  56  5:54  Missile Turret  
  56  5:55  SCV  
  56  5:56  SCV  
  59  6:04  Supply Depot, SCV  
  60  6:07  SCV, Missile Turret  
  60  6:08  SCV  
  62  6:16  Missile Turret, SCV  
  62  6:18  Missile Turret  
  63  6:19  SCV  
  63  6:20  SCV  
  65  6:27  Refinery  
  65  6:28  SCV  
  65  6:31  SCV  
  65  6:32  Missile Turret, Factory Tech Lab, SCV  
  68  6:33  Starport Tech Lab  
  68  6:39  Missile Turret  
  68  6:42  Starport  
  68  6:45  Engineering Bay  
  68  6:49  Armory  
  68  6:53  Refinery  
  68  6:54  Missile Turret  
  68  7:00  Fusion Core, Missile Turret  
  68  7:04  Supply Depot  
  68  7:05  Planetary Fortress  
  68  7:17  Planetary Fortress  
  68  7:20  Missile Turret  
  68  7:21  Starport  
  68  7:31  Supply Depot  
  68  7:32  Refinery  
  68  7:34  Hellion  
  68  7:35  Hellion  
  68  7:36  Marine x4  
  76  7:37  Armory  
  76  7:44  Missile Turret  
  76  7:54  Marine x4  
  76  7:55  Barracks, Hellion  
  76  7:56  Hellion  
  76  7:58  Refinery  
  84  8:03  SCV  
  85  8:15  SCV  
  86  8:20  Starport Tech Lab  
  86  8:21  Starport Tech Lab  
  86  8:27  SCV  
  87  8:39  SCV  
  88  8:41  Terran Vehicle And Ship Armor Level 1  
  88  8:42  Terran Ship Weapons Level 1  
  88  8:44  Battlecruiser  
  88  8:45  Battlecruiser  
  88  8:46  Medivac  
  102  8:50  Barracks Tech Lab  
  102  8:52  SCV  
  103  8:59  Barracks Tech Lab  
  103  9:04  SCV  
  104  9:16  Medivac, SCV  
  107  9:18  Supply Depot  
  107  9:27  Hellion  
  107  9:28  Hellion, SCV  
  107  9:30  Marine x5  
  117  9:44  Supply Depot  
  117  9:48  Hellion, Marine x5, Battlecruiser  
  117  9:49  Battlecruiser  
  117  9:50  Hellion  
  138  9:56  Command Center  
  138  10:05  Marine, Weapon Refit  
  138  10:06  Marine x4, Battlecruiser  
  149  10:07  Stimpack  
  149  10:10  Supply Depot  
  149  10:21  Supply Depot  
  149  10:29  Supply Depot  
  149  10:32  Thor, Marine x2  
  149  10:33  Marine x3  
  160  10:43  Thor  
  160  10:45  Supply Depot  
  166  10:51  Marine  
  166  10:52  Supply Depot, Battlecruiser  
  121  11:16  Supply Depot  
  121  11:46  Combat Shield  
  115  12:41  Viking  
  115  12:43  Medivac  
  119  12:47  Battlecruiser  
  119  12:49  Hi-Sec Auto Tracking  
  125  12:52  Thor x2  
  125  12:53  Marine  
  125  12:54  Marine x4  
  136  13:11  Viking, Marine x3  
  136  13:12  Marine x2  
  143  13:22  Battlecruiser  
  143  13:25  Terran Vehicle And Ship Armor Level 2  
  143  13:26  Terran Ship Weapons Level 2  
  143  13:29  Marine x4  
  143  13:30  Terran Infantry Armor Level 1, Marine  
  142  13:47  Marine x5, Terran Infantry Weapons Level 1  
  147  13:51  Battlecruiser  
  147  13:52  Battlecruiser  
  159  14:05  Marine x5  
  129  14:26  Marine x2  
  129  14:27  Marine x3, Battlecruiser  
  114  14:43  Hellion  
  114  14:44  Hellion, Marine x3  
  114  14:45  Marine x2  
  79  15:02  Marine x4  
  79  15:03  Marine  
  79  15:04  Banshee  
  79  15:05  Hellion x2  
  75  15:20  Marine  
  55  15:40  Starport  
  45  15:44  Fusion Core  
  36  15:56  Barracks  
  36  16:05  SCV  
  36  16:09  Refinery  
  37  16:17  SCV, Starport Tech Lab  
  38  16:29  SCV  
  26  16:45  Factory, Battlecruiser  
  25  17:15  Barracks  
  25  17:21  Barracks Reactor  
  25  17:33  Starport  
  25  17:38  Starport, Factory Tech Lab  
  25  17:40  Factory Reactor  
  25  17:55  Supply Depot  
  25  17:58  Supply Depot  
  25  18:01  Supply Depot  
  25  18:04  Supply Depot  
  25  18:06  Supply Depot  
  25  18:11  Supply Depot, Barracks Tech Lab  
  25  18:13  Barracks Reactor  
  25  18:16  Starport Tech Lab  
  25  18:17  Starport Tech Lab  
  25  18:20  Supply Depot  
  25  18:22  Supply Depot, Hellion x2, Marine x2  
  25  18:24  Supply Depot  
  37  18:27  Supply Depot  
  37  18:30  Supply Depot  
  37  18:35  Supply Depot  
  37  18:40  Marine x2  
  45  18:44  Hellion x2  
Show
View Real Time Build Order
Export as new Build Order

Dabbs Zerg 

Build Orders: Hatch First 

Get SALT Encoding   

  12  0:23  Drone x2  
  14  0:42  Hatchery  
  13  0:45  Overlord  
  13  1:04  Spawning Pool  
  12  1:06  Extractor  
  11  1:14  Drone x2  
  11  1:17  Drone  
  14  1:54  Queen  
  16  2:04  Queen  
  16  2:07  Drone x2  
  16  2:08  Extractor  
  19  2:16  Drone  
  19  2:17  Drone x2  
  22  2:25  Drone  
  23  2:47  Metabolic Boost  
  23  2:50  Lair  
  23  3:16  Zergling x10  
  28  3:22  Overlord  
  28  3:23  Overlord  
  28  3:34  Extractor  
  28  3:37  Drone  
  29  3:41  Drone x2  
  29  3:45  Drone  
  31  3:53  Zergling x4  
  31  3:54  Zergling x2  
  34  4:14  Spire  
  33  4:32  Drone x4  
  37  4:48  Zergling x8  
  37  4:49  Zergling x2  
  42  4:59  Overseer  
  42  5:10  Drone  
  42  5:11  Drone  
  44  5:16  Overlord x2  
  44  5:47  Hatchery  
  43  6:06  Mutalisk x4  
  43  6:07  Mutalisk  
  43  6:09  Mutalisk  
  55  6:30  Drone x4  
  55  6:31  Drone  
  60  7:09  Overlord x3  
  60  7:10  Overlord  
  60  7:18  Infestation Pit  
  59  7:24  Evolution Chamber  
  59  7:25  Drone x3  
  59  7:27  Evolution Chamber  
  60  7:41  Extractor  
  58  8:08  Mutalisk x4  
  58  8:09  Mutalisk x6  
  58  8:10  Mutalisk  
  58  8:11  Mutalisk  
  82  8:34  Hive  
  82  8:58  Corruptor x4  
  82  9:00  Corruptor  
  92  9:15  Spire  
  90  9:31  Drone  
  90  9:32  Drone x5  
  96  9:39  Zerg Melee Weapons Level 1  
  96  9:42  Zerg Ground Armor Level 1  
  96  9:52  Overlord  
  75  11:19  Drone x6  
  81  11:28  Mutalisk x4  
  81  11:32  Mutalisk  
  89  11:33  Corruptor x4  
  89  11:34  Corruptor x2  
  103  12:58  Overlord  
  103  12:59  Overlord x2  
  103  13:33  Hatchery  
  94  13:36  Extractor  
  94  13:37  Extractor  
  88  13:58  Greater Spire  
  88  14:02  Mutalisk x5  
  90  14:03  Mutalisk x3  
  42  14:58  Mutalisk  
  42  14:59  Mutalisk x5  
  54  15:11  Brood Lord x3  
  60  15:17  Brood Lord x3  
  60  15:18  Brood Lord  
  44  15:56  Zergling x4  
  49  15:57  Zergling x8  
  49  15:58  Zergling x4  
Show
View Real Time Build Order
Export as new Build Order

TATORREA Protoss - Winner!

Build Orders:  

Get SALT Encoding   

  12  0:02  Probe  
  13  0:14  Probe  
  14  0:24  Pylon  
  14  0:26  Probe  
  16  0:42  Probe  
  16  0:45  Gateway  
  16  0:53  Probe  
  17  1:01  Probe  
  17  1:02  Assimilator  
  17  1:06  Pylon  
  17  1:10  Probe  
  19  1:21  Probe  
  20  1:33  Probe  
  21  1:40  Assimilator  
  21  1:45  Pylon, Probe  
  22  1:52  Cybernetics Core  
  22  1:57  Probe  
  22  2:09  Probe  
  23  2:21  Probe  
  24  2:29  Stalker  
  26  2:30  Warp Gate  
  26  2:43  Nexus  
  25  2:46  Pylon  
  25  2:48  Probe  
  25  2:51  Gateway  
  26  2:56  Probe  
  26  2:59  Stalker  
  26  3:04  Probe  
  29  3:11  Robotics Facility  
  30  3:14  Probe  
  31  3:26  Probe  
  32  3:29  Gateway  
  32  3:32  Sentry  
  34  3:38  Probe  
  34  3:39  Stalker  
  37  3:50  Probe  
  38  3:56  Gateway  
  38  3:58  Probe  
  39  4:03  Probe  
  40  4:10  Probe  
  40  4:12  Observer  
  40  4:15  Probe  
  43  4:22  Probe  
  44  4:28  Stalker  
  46  4:33  Stalker, Immortal  
  46  4:35  Probe  
  46  4:36  Probe  
  54  4:57  Nexus  
  54  4:59  Pylon  
  54  5:04  Probe x2  
  56  5:10  Stalker  
  56  5:11  Assimilator  
  58  5:16  Assimilator  
  58  5:24  Pylon  
  58  5:27  Probe x2  
  60  5:30  Pylon  
  60  5:34  Pylon  
  60  5:38  Stalker x2  
  60  5:39  Stalker  
  60  5:41  Probe x2  
  68  5:53  Probe x2  
  70  6:02  Stalker x2  
  74  6:05  Probe x2  
  74  6:07  Immortal  
  80  6:12  Stalker  
  80  6:14  Stalker  
  80  6:16  Probe  
  80  6:18  Probe  
  86  6:19  Probe  
  87  6:28  Probe  
  87  6:30  Probe  
  87  6:31  Probe  
  90  6:37  Forge  
  90  6:39  Forge  
  90  6:41  Probe  
  90  6:42  Forge, Probe  
  90  6:43  Probe  
  93  6:52  Assimilator  
  93  6:53  Probe  
  94  6:54  Probe  
  94  6:55  Probe  
  94  6:56  Assimilator  
  94  6:58  Robotics Bay  
  96  7:05  Probe  
  96  7:06  Probe  
  96  7:07  Twilight Council, Probe  
  99  7:08  Stalker  
  99  7:10  Stalker  
  99  7:13  Stalker  
  105  7:17  Probe  
  105  7:18  Probe  
  105  7:19  Probe  
  108  7:29  Probe  
  109  8:53  Pylon x2, Nexus  
  109  8:54  Pylon, Probe  
  109  8:56  Pylon  
  109  9:00  Pylon  
  109  9:03  Pylon x2  
  109  9:05  Pylon  
  109  9:06  Probe  
  109  9:11  Probe  
  110  9:18  Pylon  
  110  9:27  Pylon  
  110  9:30  Gateway  
  110  9:57  Nexus  
  110  10:00  Gateway  
  110  10:03  Gateway  
  110  10:05  Gateway  
  110  10:08  Gateway  
  110  10:10  Gateway  
  110  10:11  Probe x2  
  110  10:12  Gateway, Probe  
  113  10:19  Gateway  
  113  10:20  Gateway  
  113  10:22  Gateway  
  113  10:23  Probe x2  
  113  10:24  Probe  
  113  10:25  Gateway  
  113  10:26  Pylon x2  
  113  10:27  Gateway  
  116  10:28  Protoss Ground Armor Level 1, Pylon  
  116  10:29  Protoss Shields Level 1  
  116  10:30  Gateway, Pylon  
  116  10:31  Colossus  
  116  10:33  Gateway  
  116  10:34  Stalker x2  
  116  10:35  Stalker x3, Probe  
  126  10:36  Probe x2  
  126  10:37  Gateway  
  135  10:51  Assimilator x2  
  135  10:59  Probe x2  
  135  11:00  Probe  
  138  11:07  Probe  
  139  11:11  Probe  
  139  11:12  Probe x2  
  139  11:14  Stalker x2  
  139  11:15  Stalker x4  
  139  11:16  Stalker x5  
  164  11:19  Probe  
  169  11:26  Probe x2  
  169  11:27  Probe  
  169  11:29  Assimilator  
  169  11:30  Assimilator  
  171  11:33  Stalker x4  
  171  11:34  Stalker x2  
  170  11:49  Probe x3  
  170  11:50  Probe  
  170  11:52  Stalker x3  
  170  11:53  Stalker x5  
  170  11:54  Stalker x3  
  186  11:55  Stalker x2  
  186  11:56  Stalker  
  191  12:02  Protoss Ground Weapons Level 1  
  184  12:10  Extended Thermal Lance  
  178  12:33  Stalker x3  
  178  12:34  Stalker x3  
  178  12:35  Stalker x4  
  178  12:36  Stalker  
  200  12:53  Pylon  
  200  12:56  Pylon  
  200  12:59  Pylon  
  200  13:02  Colossus  
  198  13:22  Protoss Shields Level 2, Protoss Ground Armor Level 2  
  198  13:27  Blink  
  194  14:38  Protoss Ground Weapons Level 2  
  177  14:53  Colossus  
  177  14:56  Stalker  
  177  14:57  Stalker x4  
  177  14:58  Stalker x3  
  179  15:44  Stalker x2  
  179  15:45  Stalker x4  
  179  15:46  Stalker x4  
  185  16:36  Stalker x4  
  185  16:37  Stalker x3  
  197  18:07  Stalker  
Show
View Real Time Build Order
Export as new Build Order

MrFercho Zerg - Winner!

Build Orders: Hatch First 

Get SALT Encoding   

  12  0:01  Drone  
  13  0:14  Overlord  
  13  0:17  Drone  
  14  0:32  Drone x2  
  16  0:53  Drone  
  17  0:57  Drone  
  17  0:59  Hatchery  
  17  1:05  Drone  
  17  1:09  Extractor  
  17  1:19  Spawning Pool  
  17  1:20  Drone  
  17  1:23  Drone  
  18  1:30  Drone  
  19  1:46  Overlord  
  19  1:53  Drone  
  20  2:02  Drone  
  21  2:24  Drone x4  
  21  2:27  Queen  
  21  2:29  Metabolic Boost  
  27  2:30  Queen  
  27  2:32  Overlord  
  27  2:35  Drone  
  30  2:43  Drone  
  31  2:45  Drone  
  32  3:04  Drone x2  
  32  3:05  Drone  
  35  3:12  Drone  
  36  3:15  Drone  
  37  3:22  Drone  
  37  3:25  Drone  
  39  3:32  Drone  
  40  3:39  Drone x4  
  44  3:53  Overlord x5  
  44  3:54  Hatchery  
  43  4:05  Lair  
  43  4:15  Baneling Nest  
  42  4:39  Drone x12  
  54  5:03  Evolution Chamber  
  54  5:04  Evolution Chamber  
  52  5:08  Hydralisk Den, Centrifical Hooks  
  52  5:10  Zergling x2  
  52  5:11  Zergling x8  
  58  5:22  Queen  
  58  5:26  Drone x4  
  58  5:27  Drone  
  63  5:40  Muscular Augments  
  63  5:44  Extractor  
  63  5:47  Extractor  
  63  5:49  Extractor  
  60  5:51  Extractor, Overlord x2  
  60  5:52  Overlord x2  
  60  5:56  Extractor  
  58  5:58  Hatchery  
  58  5:59  Hatchery  
  58  6:01  Zerg Melee Weapons Level 1  
  55  6:23  Drone x7  
  62  6:35  Drone x4  
  62  6:36  Drone x2  
  68  6:41  Drone x2  
  70  6:48  Zergling x14  
  70  6:49  Zergling x8  
  70  6:51  Pneumatized Carapace  
  81  6:55  Burrow  
  80  7:38  Grooved Spines  
  80  7:40  Zerg Ground Armor Level 1  
  80  7:46  Drone x5  
  80  7:47  Drone x10  
  94  7:58  Hydralisk x2  
  94  7:59  Hydralisk x10  
  118  8:06  Hatchery  
  117  8:17  Infestation Pit  
  116  8:21  Zergling x20  
  116  8:22  Zergling x2  
  127  8:44  Baneling  
  127  8:45  Baneling x15  
  127  8:48  Baneling x2  
  127  9:06  Zergling x2  
  127  9:07  Zergling x10  
  127  9:09  Overlord  
  133  9:10  Overlord x13  
  133  9:14  Overseer  
  133  9:31  Drone  
  133  9:32  Drone  
  135  9:39  Hive  
  135  9:42  Zerg Ground Armor Level 2, Zerg Melee Weapons Level 2  
  135  9:47  Spire  
  134  9:53  Lurker Den  
  133  10:04  Drone x2  
  135  10:13  Drone  
  136  10:17  Drone  
  136  10:18  Drone x4  
  136  10:19  Drone  
  136  10:20  Drone x3  
  136  10:21  Drone x2  
  147  10:22  Drone x2  
  147  10:25  Extractor  
  147  10:28  Extractor  
  147  10:30  Hydralisk  
  147  10:33  Zergling x2  
  147  10:34  Zergling x12  
  155  10:54  Hydralisk  
  155  10:55  Hydralisk x10  
  132  11:13  Hydralisk  
  132  11:14  Hydralisk x11  
  150  11:19  Spore Crawler  
  150  11:21  Spore Crawler  
  150  11:22  Spore Crawler  
  150  11:23  Overseer  
  147  11:28  Spore Crawler  
  147  11:32  Spore Crawler  
  145  11:51  Zergling x10  
  145  11:52  Zergling x22  
  161  12:05  Greater Spire  
  161  12:07  Seismic Spines  
  161  12:17  Hydralisk x12, Ultralisk Cavern  
  184  12:25  Zergling x4  
  184  12:26  Zergling x2  
  184  12:27  Baneling x3  
  184  12:28  Baneling x13  
  187  12:50  Lair, Hatchery  
  183  13:10  Queen, Hatchery  
  162  13:49  Hydralisk x17  
  162  13:50  Hydralisk x2  
  150  14:46  Anabolic Synthesis  
  150  14:55  Zerg Flyer Armor Level 1  
  150  15:01  Hive  
  150  15:28  Chitinous Plating  
  150  15:33  Lurker x11  
  150  15:34  Lurker x6  
  111  16:40  Zergling x30  
  111  16:41  Zergling x14  
  133  17:26  Mutalisk x4  
  133  17:27  Mutalisk x11  
  163  18:01  Overseer  
  163  18:02  Overseer x5  
Tags
 
Add a new tag
Caveats
  • Supply blocks, unpowered buildings, or Contaminate may cause inaccurate times.
  • Supply counts are checked every 10 seconds.